 Dungeon Crawl Stone Soup version 0.17.2-1-ge4368a0 (webtiles) character file.

5321 magog001 the Blocker (level 10, -1/86 HPs)
             Began as a Hill Orc Fighter on Oct 18, 2016.
             Was an Elder of Nemelex Xobeh.
             Slain by a seven-headed hydra (7 damage)
             ... on level 1 of the Lair of Beasts.
             The game lasted 01:24:44 (9817 turns).

magog001 the Blocker (Hill Orc Fighter)             Turns: 9817, Time: 01:24:45

Health: -1/86      AC: 16    Str: 23    XL:     10   Next: 64%
Magic:  0/10       EV: 11    Int:  8    God:    Nemelex Xobeh [****..]
Gold:   477        SH: 13    Dex:  8    Spells: 0 memorised, 9 levels left

rFire  . . .     SeeInvis .     j - +4 flail
rCold  . . .     Clarity  .     D - +3 ring mail
rNeg   . . .     SustAt   .     o - +2 shield
rPois  .         Gourm    .     v - +2 hat
rElec  .         Spirit   +     G - +0 cloak
rCorr  .         Warding  .     q - +0 pair of gloves
rMut   .         Stasis   .     (no boots)
MR     .....                    y - amulet of guardian spirit
Stlth  +.........               (no ring)
                                (no ring)

@: not resistant to hostile enchantments, very unstealthy
A: yellow scales 1, breathe flames 1, clumsy 1
a: Triple Draw, Deal Four, Renounce Religion, Breathe Fire


You were on level 1 of the Lair of Beasts.
You worshipped Nemelex Xobeh.
Nemelex Xobeh was greatly pleased with you.
You were not hungry.

You visited 2 branches of the dungeon, and saw 9 of its levels.
You also visited: Ossuary.

You collected 477 gold pieces.

Inventory:

Hand Weapons
 b - a +2 spear of piercing
 j - a +4 flail (weapon)
 k - a +2 shortbow of velocity
 r - a +1 hand axe of venom
 s - a +3 short sword of venom
 u - a +0 blowgun
 z - a +0 lajatang
Missiles
 a - 5 tomahawks (quivered)
 t - 9 bolts
 w - 15 poisoned needles
 B - 63 arrows
Armour
 o - a +2 shield (worn)
 q - a +0 pair of gloves (worn)
 v - a +2 hat (worn)
 D - a +3 ring mail (worn)
 G - a +0 cloak (worn)
Jewellery
 y - an amulet of guardian spirit (around neck)
 L - an uncursed amulet of the gourmand
 Q - an uncursed amulet of regeneration
Wands
 A - a wand of digging (4)
 F - a wand of fireball (14)
Scrolls
 f - 3 scrolls of teleportation
 l - a scroll of identify
 J - 3 scrolls of recharging
 M - a scroll of blinking
 S - a scroll of fear
 T - 4 scrolls of remove curse
 U - a scroll of enchant armour {unknown}
Potions
 d - a potion of might
 i - a potion of resistance {unknown}
 m - 3 potions of curing
 x - a potion of heal wounds {unknown}
 E - a potion of berserk rage {unknown}
 I - a potion of ambrosia {unknown}
 N - a potion of haste
 O - a potion of invisibility {unknown}
 W - a potion of flight {unknown}
 X - a potion of cancellation
Books
 R - a book of Changes

   Spells                             Type                      Level
   a - Beastly Appendage              Transmutation                1
   b - Sticks to Snakes               Transmutation                2
   c - Spider Form                    Transmutation/Poison         3
   d - Ice Form                       Ice/Transmutation            4
   e - Blade Hands                    Transmutation                5
Miscellaneous
 c - a plain deck of destruction
 p - a plain deck of destruction {drawn: 4}
 C - an ornate deck of escape {drawn: 2}
 K - a plain deck of escape
Comestibles
 e - 5 bread rations
 g - 3 beef jerkies
 h - 2 fruits
 n - 2 meat rations
 H - 2 slices of pizza
 P - 7 royal jellies
 V - 3 chunks of flesh


   Skills:
 + Level 7.0 Fighting
 + Level 4.4 Short Blades
 + Level 4.6(5.7) Axes
 * Level 4.2(5.0) Maces & Flails
 + Level 2.7 Throwing
 + Level 7.5 Armour
 + Level 6.0 Dodging
 + Level 0.5 Stealth
 + Level 9.2 Shields
 + Level 1.2 Evocations


You had 9 spell levels left.
You didn't know any spells.

Dungeon Overview and Level Annotations

Branches:
Dungeon (8/15)             Temple (0/1) D:4            Lair (1/8) D:8

Altars:
Elyvilon
Fedhas
Gozag
Nemelex Xobeh
Okawaru
Ru
Sif Muna

Shops:
D:4 =


Innate Abilities, Weirdness & Mutations

You are partially covered in yellow scales (AC +2).
You can breathe flames.
You are clumsy. (Dex -2)


Message History

The seven-headed hydra bites you.
* * * LOW HITPOINT WARNING * * *
The seven-headed hydra bites you but does no damage.
The seven-headed hydra bites you.
* * * LOW HITPOINT WARNING * * *
The seven-headed hydra bites you but does no damage. x2
The seven-headed hydra closely misses you.
You block the seven-headed hydra's attack.
You barely miss the seven-headed hydra.
The seven-headed hydra is severely wounded.
The seven-headed hydra bites you!
* * * LOW HITPOINT WARNING * * *
The seven-headed hydra closely misses you.
The seven-headed hydra bites you but does no damage.
The seven-headed hydra closely misses you.
The seven-headed hydra bites you!
* * * LOW HITPOINT WARNING * * *
The seven-headed hydra bites you!
You die...
Your body glows with a rainbow of weird colours and disappears.

##...##.###.#
#..........#
##P#.......# ###..#...##
######...##..## ######
##.#..##..#....#
......##.............##
......................##
....((D@......#####.....
...(..#...#P.## ###.####
..(.......##.# #.......
.(........##.####.>.....
......#...#P............
..........##............
......#.................
.....#..#.#..P##.......
.).. .....P...##.......


You could see a seven-headed hydra.

Vanquished Creatures
  The ghost of Goblin1989 the Cutter, a novice KoEE of Ashenzari (D:7)
  A queen bee (D:8)
  Eustachio (D:6)
  2 steam dragons (D:6)
  A wolf (D:8)
  A hungry ghost (D:7)
  A phantom (D:8)
  2 black bears
  An ice beast (D:8)
  A spider (D:8)
  3 wasps
  2 orc warriors
  2 centaurs
  2 ogres (D:7)
  A sky beast (D:8)
  A big kobold (D:8)
  2 crocodiles
  7 giant frogs
  A wyvern skeleton (D:7)
  2 scorpions
  17 killer bees (D:8)
  2 crimson imps
  4 hounds
  8 orc wizards
  A centaur skeleton (D:7)
  2 iguanas
  Jessica (D:3)
  Terence (D:2)
  Natasha (D:2)
  2 orc priests (D:7)
  5 worker ants
  14 mummies (Ossuary)
  2 hound zombies
  7 adders
  6 gnolls
  A river rat (D:3)
  A shadow imp (D:7)
  An adder zombie (D:8)
  3 oozes
  2 adder skeletons
  A worm (D:2)
  4 giant geckos
  39 orcs
  A ball python (D:1)
  12 giant cockroaches
  9 goblins
  9 hobgoblins
  12 jackals
  2 quokkas
  9 bats
  A giant gecko zombie (D:8)
  2 giant newts
  2 goblin skeletons (Ossuary)
  8 kobolds
  6 orc skeletons (Ossuary)
  2 quokka skeletons
  9 rats
  11 rat skeletons (Ossuary)
255 creatures vanquished.

Vanquished Creatures (collateral kills)
  The ghost of Tobisume the Insei, an amateur DsMo (D:3)
  A gnoll (D:3)
  A giant newt (D:3)
3 creatures vanquished.

Vanquished Creatures (others)
  A fungus (D:6)
1 creature vanquished.

Grand Total: 259 creatures vanquished

Notes
Turn   | Place    | Note
--------------------------------------------------------------
     0 | D:1      | magog001 the Hill Orc Fighter began the quest for the Orb.
     0 | D:1      | Reached XP level 1. HP: 19/19 MP: 1/1
   131 | D:1      | Reached XP level 2. HP: 16/27 MP: 2/2
   132 | D:1      | Reached skill level 4 in Fighting
   279 | D:1      | Found a sparkling altar of Nemelex Xobeh.
   290 | D:1      | Became a worshipper of Nemelex Xobeh the Trickster
   397 | D:1      | Received a gift from Nemelex Xobeh
   685 | D:2      | Reached XP level 3. HP: 33/33 MP: 3/3
   818 | D:2      | Reached skill level 1 in Dodging
   990 | D:2      | Found a blossoming altar of Fedhas.
  1084 | D:2      | Reached XP level 4. HP: 38/40 MP: 4/4
  1148 | D:2      | Reached * piety under Nemelex Xobeh
  1200 | D:2      | Noticed Terence
  1213 | D:2      | Killed Terence
  1319 | D:3      | Noticed Natasha
  1330 | D:2      | Killed Natasha
  1330 | D:2      | Reached XP level 5. HP: 32/46 MP: 5/5
  1495 | D:3      | Noticed Tobisume's ghost (amateur DsMo)
  1533 | D:3      | Killed Tobisume's ghost
  1824 | D:3      | Reached XP level 6. HP: 28/53 MP: 6/6
  1981 | D:3      | Found an iron altar of Okawaru.
  2075 | D:3      | Noticed Jessica
  2087 | D:3      | Killed Jessica
  2299 | D:4      | Found a staircase to the Ecumenical Temple.
  2449 | D:4      | Received a gift from Nemelex Xobeh
  2625 | D:4      | Reached skill level 1 in Short Blades
  2630 | D:4      | Reached XP level 7. HP: 60/60 MP: 7/7
  2644 | D:4      | Reached skill level 1 in Throwing
  2708 | D:4      | Reached skill level 5 in Shields
  3049 | D:4      | Found Bagup's Jewellery Shoppe.
  3329 | D:5      | Entered Level 5 of the Dungeon
  3329 | D:5      | Reached ** piety under Nemelex Xobeh
  3367 | D:5      | Received a gift from Nemelex Xobeh
  3436 | D:5      | Found a sacrificial altar of Ru.
  4262 | D:6      | Reached skill level 5 in Armour
  4519 | D:6      | Noticed Eustachio
  4544 | D:6      | Killed Eustachio
  4544 | D:6      | Reached skill level 5 in Fighting
  4544 | D:6      | Reached XP level 8. HP: 49/68 MP: 6/8
  4629 | D:6      | Reached skill level 6 in Shields
  4672 | D:6      | Noticed a steam dragon
  4674 | D:6      | Noticed a steam dragon
  4695 | D:6      | Killed a steam dragon
  4702 | D:6      | Killed a steam dragon
  4947 | D:6      | Received a gift from Nemelex Xobeh
  5075 | D:6      | Found a white marble altar of Elyvilon.
  5077 | D:6      | Found a deep blue altar of Sif Muna.
  5136 | D:6      | Reached skill level 7 in Shields
  5149 | D:6      | Reached *** piety under Nemelex Xobeh
  5329 | D:6      | Found an opulent altar of Gozag.
  5479 | D:7      | Reached XP level 9. HP: 70/74 MP: 9/9
  5485 | D:7      | Found a sand-covered staircase.
  5564 | Ossuary  | Entered an ossuary
  6695 | D:7      | Noticed Goblin1989's ghost (novice KoEE)
  6736 | D:7      | Killed Goblin1989's ghost
  7097 | D:7      | Received a gift from Nemelex Xobeh
  7237 | D:7      | Reached skill level 5 in Dodging
  7293 | D:7      | Reached skill level 8 in Shields
  8165 | D:8      | Reached skill level 1 in Maces & Flails
  8165 | D:8      | Reached XP level 10. HP: 77/84 MP: 8/10
  8179 | D:8      | Reached skill level 1 in Evocations
  8660 | D:8      | Received a gift from Nemelex Xobeh
  9104 | D:8      | Gained mutation: You can breathe flames. [potion of mutation]
  9104 | D:8      | Gained mutation: You are partially covered in yellow scales (AC +2). [potion of mutation]
  9104 | D:8      | Gained mutation: You are clumsy. (Dex -2) [potion of mutation]
  9207 | D:8      | Reached **** piety under Nemelex Xobeh
  9307 | D:8      | Found a white marble altar of Elyvilon.
  9338 | D:8      | Reached skill level 9 in Shields
  9576 | D:8      | Found a staircase to the Lair.
  9719 | Lair:1   | Entered Level 1 of the Lair of Beasts
  9798 | Lair:1   | Noticed a seven-headed hydra
  9817 | Lair:1   | Slain by a seven-headed hydra

Action                   |  1- 3 |  4- 6 |  7- 9 | 10-12 || total
-------------------------+-------+-------+-------+-------++-------
Melee: War axe           |   106 |    79 |       |       ||   185
       Short sword       |       |   121 |   591 |       ||   712
       Flail             |       |       |    27 |   224 ||   251
 Fire: Blowgun           |       |    12 |    12 |    16 ||    40
Throw: Tomahawk          |       |       |    11 |     4 ||    15
Evoke: Deck              |     2 |     2 |    12 |     2 ||    18
       Wand              |       |       |     2 |       ||     2
  Use: Potion            |       |     4 |     3 |     2 ||     9
       Scroll            |       |       |    18 |       ||    18
  Eat: Chunk             |     1 |     5 |    24 |    12 ||    42
       Meat ration       |       |       |     2 |       ||     2
       Pizza             |       |       |     1 |       ||     1
       Bread ration      |       |       |     2 |       ||     2
       Fruit             |       |       |     1 |     9 ||    10
